 Dungeon Sprint DCSS version 0.31.0-12-g77e489cdc1 (webtiles) character file.

Game seed: 16278657516574272917

9580 BigDaddyOpFi the Severer (level 11, -19/82 HPs)
             Began as a Tengu Berserker on Feb 28, 2024.
             Was the Champion of Trog.
             Demolished by Rupert
             ... wielding a +2 executioner's axe of electrocution
              (46 damage)
             ... in the Dungeon (Sprint VII: "The Pits").
             The game lasted 00:07:38 (2524 turns).

BigDaddyOpFi the Severer (Tengu Berserker)          Turns: 2524, Time: 00:07:38

Health: -19/82     AC: 23    Str: 24    XL:     11   Next: 48%
Magic:  12/12      EV: 15    Int:  8    God:    Trog [******]
Gold:   29         SH:  5    Dex: 14    Spells: 10/10 levels left

rFire   . . .        p - +8 war axe (vamp)
rCold   . . .        (no shield)
rNeg    . . .        o - +7 plate armour
rPois   .            (helmet restricted)
rElec   .            (no cloak)
rCorr   .            (no gloves)
SInv    +            (boots unavailable)
Will    .....        r - amulet of reflection Stlth
                     s - ring of see invisible
HPRegen 0.33/turn    d - +3 ring of strength
MPRegen 0.13/turn

%: no teleportation, reflection, acrobat
@: flying
A: beak, talons 3, evasive flight, acrobatic
a: Renounce Religion, Berserk, Trog's Hand, Brothers in Arms


You were in the Dungeon.
You worshipped Trog.
Trog was exalted by your worship.
You visited 1 branch You collected 29 gold pieces.

Inventory:

Hand Weapons
 m - a +2 heavy hand axe
 p - a +8 vampiric war axe (weapon)
 q - the +5 hand axe of Opuezogh {flame, rElec rF+ Dex+4}
   (Trog gifted it to you in the Dungeon)

   Dex+4:     It affects your dexterity (+4).
   rF+:       It protects you from fire.
   rElec:     It insulates you from electricity.
 w - the +27 heavy crossbow "Sniper" {heavy, Acc+∞ SInv}
   (You found it in the Dungeon)

   Acc+∞: It never misses its target.
   SInv:      It lets you see invisible.
Armour
 e - a +3 scale mail
 o - a +7 plate armour (worn)
Jewellery
 b - a +3 ring of protection
 d - a +3 ring of strength (right hand)
 r - an amulet of reflection (around neck)
 s - a ring of see invisible (left hand)
Wands
 t - a wand of flame (17)
 v - a wand of mindburst (11)
Scrolls
 h - a scroll of blinking
 j - 2 scrolls of vulnerability
 k - a scroll of butterflies
 A - a scroll of identify
 B - 2 scrolls of fog
Potions
 a - 9 potions of curing
 c - 9 potions of heal wounds
 f - 4 potions of magic
 g - 5 potions of berserk rage
 i - a potion of invisibility
 l - 4 potions of haste
 n - 2 potions of mutation
 u - a potion of resistance
 z - a potion of might


   Skills:
 + Level 15.4 Fighting
 + Level 17.9 Axes
 * Level 2.4 Ranged Weapons
 + Level 15.1 Armour
 + Level 9.4 Dodging
 - Level 5.7 Stealth


You had 10 spell levels left.
You didn't know any spells.
Your spell library was empty.

Dungeon Overview and Level Annotations

Branches:
Dungeon (1/1)

Altars:
Ashenzari
Cheibriados
Dithmenos
Elyvilon
Fedhas
Gozag
Hepliaklqana
Kikubaaqudgha
Makhleb
Nemelex Xobeh
Okawaru
Qazlal
Ru
Sif Muna
Trog
Uskayaw
Vehumet
Wu Jian
Xom
Yredelemnul
Zin
The Shining One
Jiyva
Lugonu

Annotations:
D Rupert


Innate Abilities, Weirdness & Mutations

You have a beak for a mouth.
You have claws for feet.
Your magical flight helps you evade attacks. (EV +4)
You can magically evade attacks while moving or waiting.


Message History

a +0 shortbow; a centaur corpse A scorpion, Rupert and a kobold come into view.
Rupert is wielding a +2 executioner's axe of electrocution.
Rupert shouts!
The kobold shouts!
The kobold completely misses you.
You hit the kobold.
You kill the kobold!
Trog accepts your kill.
Rupert roars madly and goes into a rage!
Rupert goes berserk!
Rupert hits you with a +2 executioner's axe of electrocution!
You block Rupert's attack.
Things that are here:
a +0 whip; a kobold corpse You completely miss Rupert.
You claw Rupert, but do no damage. You peck Rupert.
Rupert is lightly wounded.
You closely miss the scorpion. You block the scorpion's attack.
Rupert barely misses you.
You barely miss Rupert. You peck Rupert.
Rupert is lightly wounded.
You slice the scorpion!!
You feel better.
You kill the scorpion!
Trog accepts your kill. Rupert closely misses you.
You barely miss Rupert. Your kick misses Rupert.
Rupert is lightly wounded.
You block Rupert's attack.
You slice Rupert!!
You feel better.
You peck Rupert, but do no damage.
Rupert is lightly wounded.
Rupert hits you but does no damage.
You are electrocuted!!
You slice Rupert!!
Rupert is moderately wounded.
Rupert hits you with a +2 executioner's axe of electrocution!!
You are electrocuted!
You barely miss Rupert. You claw Rupert!
Rupert is moderately wounded.
Rupert hits you with a +2 executioner's axe of electrocution!!!
Ouch! That really hurt!
You die...
Rupert roars with triumph.

#... #..# #..# #..# #######
#..# ..##..# #..# ..##..# #@.#
..''..# #@.#
..''..##########..#
..##)).)..........#
..##..............#
###################
##############################
.....#......#.......#........#
.....'......#.......#.......!#
##...#####'##.......#####'####


You could see Rupert (berserk).

Vanquished Creatures
  A death yak (D)
  A flayed ghost (D)
  A deep troll (D)
  A phantasmal warrior (D)
  A deep elf pyromancer (D)
  A manticore (D)
  A molten gargoyle (D)
  An orange demon (D)
  A gargoyle (D)
  A cane toad (D)
  An efreet (D)
  A kobold demonologist (D)
  A troll (D)
  A hornet (D)
  A tyrant leech (D)
  A spriggan (shapeshifter) (D)
  2 ynoxinuls (D)
  A spriggan (D)
  A wraith (D)
  2 fire bats (D)
  A redback (D)
  A steam dragon (D)
  2 water moccasins (D)
  2 black bears (D)
  A crocodile (D)
  A laughing skull (D)
  2 phantoms (D)
  2 centaurs (D)
  A weeping skull (D)
  A scorpion (D)
  3 wights (D)
  A crimson imp (D)
  An orc priest (D)
  An iguana (D)
  A hell rat (D)
  2 mummies (D)
  2 gnolls (D)
  2 adders (D)
  An ufetubus (D)
  A ribbon worm (D)
  3 orcs (D)
  A goblin (D)
  A hobgoblin (D)
  4 jackals (D)
  2 quokkas (D)
  A ball python (D)
  A giant cockroach zombie (D)
  2 kobolds (D)
66 creatures vanquished.

Vanquished Creatures (collateral kills)
  An orc knight (D)
  An ice devil (D)
  An unseen horror (D)
  A freezing wraith (D)
  A shadow (D)
  A steam dragon (D)
  An acid dragon (D)
  2 orc warriors (D)
  A jelly (D)
  An orc (D)
11 creatures vanquished.

Vanquished Creatures (others)
  A shadow (D)
1 creature vanquished.

Grand Total: 78 creatures vanquished

Notes
Turn   | Place    | Note
-------+----------+-------------------------------------------
     0 | D        | BigDaddyOpFi the Tengu Berserker began the quest for the
                  | Orb.
     0 | D        | Reached XP level 1. HP: 14/14 MP: 2/2
    16 | D        | Found a bloodstained altar of Trog.
    16 | D        | Found a shimmering blue altar of Sif Muna.
    16 | D        | Found a viscous altar of Jiyva.
    16 | D        | Found a hazy altar of Hepliaklqana.
    16 | D        | Found an opulent altar of Gozag.
    17 | D        | Found a glowing golden altar of the Shining One.
    17 | D        | Found a glowing silver altar of Zin.
    17 | D        | Found a basalt altar of Yredelemnul.
    17 | D        | Found a shimmering altar of Xom.
    17 | D        | Found an ornate altar of the Wu Jian Council.
    17 | D        | Found a sacrificial altar of Ru.
    17 | D        | Found a stormy altar of Qazlal.
    17 | D        | Found an iron altar of Okawaru.
    17 | D        | Found a sparkling altar of Nemelex Xobeh.
    17 | D        | Found a burning altar of Makhleb.
    17 | D        | Found a blossoming altar of Fedhas.
    17 | D        | Found a white marble altar of Elyvilon.
    17 | D        | Found a shadowy altar of Dithmenos.
    17 | D        | Found a snail-covered altar of Cheibriados.
    18 | D        | Found a radiant altar of Vehumet.
    18 | D        | Found a corrupted altar of Lugonu.
    20 | D        | Found an ancient bone altar of Kikubaaqudgha.
    20 | D        | Found a hide-covered altar of Uskayaw.
    20 | D        | Found a broken altar of Ashenzari.
    57 | D        | Reached ** piety under Trog
    62 | D        | Reached skill level 4 in Axes
   185 | D        | Reached XP level 2. HP: 20/20 MP: 3/3
   186 | D        | Reached *** piety under Trog
   205 | D        | Noticed a water moccasin
   228 | D        | Killed a water moccasin
   229 | D        | Reached skill level 7 in Axes
   229 | D        | Reached XP level 3. HP: 5/28 MP: 4/4
   229 | D        | Reached XP level 4. HP: 6/32 MP: 5/5
   229 | D        | Reached XP level 5. HP: 7/37 MP: 6/6
   231 | D        | Reached **** piety under Trog
   602 | D        | Noticed a weeping skull
   602 | D        | Noticed a fire bat
   602 | D        | Noticed a phantom
   603 | D        | Noticed a crocodile
   611 | D        | Killed a weeping skull
   612 | D        | Reached skill level 8 in Axes
   612 | D        | Killed a fire bat
   613 | D        | Reached skill level 9 in Axes
   613 | D        | Reached skill level 5 in Armour
   613 | D        | Reached skill level 5 in Dodging
   613 | D        | Reached XP level 6. HP: 45/45 MP: 7/7
   618 | D        | Reached skill level 10 in Axes
   622 | D        | Reached ***** piety under Trog
   623 | D        | Reached skill level 1 in Stealth
   623 | D        | Gained mutation: Your magical flight helps you evade
                  | attacks. (EV +4) [Tengu growth]
   623 | D        | Reached XP level 7. HP: 51/51 MP: 8/8
   709 | D        | Noticed a fire bat
   715 | D        | Killed a fire bat
   716 | D        | Reached skill level 11 in Axes
   718 | D        | Reached skill level 10 in Fighting
   759 | D        | Noticed a steam dragon
   759 | D        | Noticed a shadow
   764 | D        | Identified the +4 quarterstaff of Toilurak {antimagic, rF-
                  | Str+2 Dex+4} (Trog gifted it to you in the Dungeon)
   764 | D        | Received a gift from Trog
   765 | D        | Reached skill level 12 in Axes
   765 | D        | Reached XP level 8. HP: 58/58 MP: 9/9
   767 | D        | Killed a shadow
   927 | D        | Noticed a manticore
   927 | D        | Noticed an efreet
   937 | D        | Killed a manticore
   938 | D        | Reached skill level 13 in Axes
   938 | D        | Killed an efreet
   939 | D        | Reached XP level 9. HP: 64/64 MP: 10/10
  1120 | D        | Reached ****** piety under Trog
  1200 | D        | Killed an unseen horror
  1201 | D        | Reached skill level 14 in Axes
  1201 | D        | Noticed an orc knight
  1205 | D        | Received a gift from Trog
  1211 | D        | Killed an orc knight
  1212 | D        | Reached skill level 10 in Armour
  1212 | D        | Reached skill level 5 in Stealth
  1215 | D        | Noticed a freezing wraith
  1220 | D        | Killed a freezing wraith
  1221 | D        | Identified the +5 hand axe of Opuezogh {flame, rElec rF+
                  | Dex+4} (Trog gifted it to you in the Dungeon)
  1221 | D        | Received a gift from Trog
  1222 | D        | Reached skill level 15 in Axes
  1225 | D        | Noticed a hornet
  1234 | D        | Killed a hornet
  1235 | D        | Reached XP level 10. HP: 58/72 MP: 11/11
  1240 | D        | Noticed a death yak
  1256 | D        | Killed a death yak
  1313 | D        | Noticed a phantasmal warrior
  1324 | D        | Killed a phantasmal warrior
  1325 | D        | Reached skill level 16 in Axes
  1332 | D        | Noticed a molten gargoyle
  1332 | D        | Noticed a cane toad
  1335 | D        | Received a gift from Trog
  1342 | D        | Killed a molten gargoyle
  1343 | D        | Killed a cane toad
  1371 | D        | Noticed a gargoyle
  1371 | D        | Noticed a deep troll
  1378 | D        | HP: 2/75 [deep troll (2)]
  1387 | D        | Killed a deep troll
  1387 | D        | Received a gift from Trog
  1388 | D        | Reached XP level 11. HP: 39/80 MP: 12/12
  1390 | D        | Reached skill level 17 in Axes
  2166 | D        | Noticed a flayed ghost
  2184 | D        | Reached skill level 15 in Fighting
  2189 | D        | Killed a flayed ghost
  2189 | D        | Received a gift from Trog
  2240 | D        | Found the +27 heavy crossbow "Sniper" {heavy, Acc+∞ SInv}
  2362 | D        | Reached skill level 15 in Armour
  2499 | D        | Noticed a deep elf pyromancer
  2501 | D        | Killed a deep elf pyromancer
  2501 | D        | Received a gift from Trog
  2515 | D        | Noticed Rupert
  2524 | D        | Demolished by Rupert

Illustrated notes

Levels and vault maps discovered:
D:        pitsprint [storerooms_1, entrance_room_1, metal_vault_8, armoury_2,
          mini_pit_1, grid_room_1, main_hall_1, silver_pit, the_coven_1,
          the_vestibule_1, steel_vault_3, golden_pit, hallway_of_sentries,
          crystal_vault_3, iron_vault_5, final_vault]

Skill      XL: |  1  2  3  4  5  6  7  8  9 10 11 |
---------------+----------------------------------+-----
Axes           | 4 7 9 10 12 13 15 16 17 | 17.9
Fighting       | 4 6 8 9 10 11 12 14 15 | 15.4
Armour         | 3 5 6 8 11 14 15 | 15.1
Dodging        | 4 5 6 7 8 9 |  9.4
Stealth        | 1 2 4 5 |  5.7
Ranged Weapons | 2 |  2.4

Action                     |  1- 3 |  4- 6 |  7- 9 | 10-12 || total
---------------------------+-------+-------+-------+-------++-------
  Melee: Hand axe          |    27 |    17 |    26 |       ||    70
         Peck              |     6 |       |    13 |    25 ||    44
         Punch             |     2 |       |     2 |     1 ||     5
         Kick              |     1 |     5 |    18 |    40 ||    64
         War axe           |       |       |    39 |   101 ||   140
 Invoke: Berserk           |     1 |     1 |     5 |     3 ||    10
         Brothers in Arms  |       |       |     1 |     1 ||     2
    Use: Potion            |     3 |     1 |     2 |     6 ||    12
         Scroll            |       |       |       |    10 ||    10
   Stab: Invisible         |       |     2 |       |       ||     2
 Armour: Animal skin       |    14 |       |       |       ||    14
         Scale mail        |       |     3 |    10 |       ||    13
         Plate armour      |       |       |   102 |    93 ||   195
  Dodge: Dodged            |    23 |    10 |    97 |   107 ||   237
  Block: Other             |       |       |       |     4 ||     4
         Reflection        |       |       |       |     1 ||     1
